Map: Torres Crepusculares

Players

CapBombilla

  • Race: Terran Terran
  • League: Master

TheZergLord - Winner!

  • Race: Zerg Zerg
  • League: Master

VOD

Have the link to the VOD?

Description

Time

  • Played on: May 23, 2016, 11:45 a.m.
  • Length: 10:39
Show
View Real Time Build Order
Export as new Build Order

CapBombilla Terran 

Build Orders: Liberator Opening, Reaper Expand, MMM Bio 

Get SALT Encoding   

  12  0:00  SCV  
  13  0:13  SCV  
  14  0:18  Supply Depot  
  14  0:25  SCV  
  15  0:39  SCV  
  15  0:40  Barracks  
  16  0:46  Refinery  
  16  0:51  SCV  
  17  1:03  SCV  
  18  1:15  SCV  
  19  1:28  Orbital Command  
  19  1:29  Reaper  
  20  1:41  Command Center  
  20  1:50  Supply Depot  
  20  1:54  SCV  
  21  2:01  Marine  
  21  2:06  Factory  
  22  2:09  SCV  
  22  2:14  Refinery  
  23  2:21  SCV  
  24  2:24  Barracks Reactor  
  24  2:44  SCV  
  25  2:54  Orbital Command  
  25  2:55  Starport  
  25  2:58  SCV  
  30  3:05  Hellion  
  30  3:06  Hellion  
  30  3:10  SCV  
  31  3:22  SCV  
  36  3:27  Hellion x2  
  36  3:29  SCV  
  36  3:32  Supply Depot  
  37  3:34  SCV, Armory  
  37  3:40  Marine  
  37  3:41  SCV  
  40  3:42  Liberator  
  40  3:46  SCV  
  41  3:51  Hellion x2  
  41  3:53  SCV  
  46  3:58  SCV  
  50  4:05  SCV  
  51  4:10  SCV  
  51  4:11  Supply Depot  
  51  4:12  Hellion  
  54  4:25  Refinery  
  54  4:28  Refinery  
  54  4:32  SCV x2, Hellion  
  58  4:40  Command Center  
  58  4:44  SCV x2  
  60  4:47  Barracks, Barracks Tech Lab  
  60  4:49  Supply Depot  
  60  4:52  Supply Depot  
  60  4:54  Liberator  
  60  4:56  SCV x2  
  62  5:07  Stimpack, Factory Tech Lab  
  58  5:26  Supply Depot  
  58  5:27  Marine  
  47  5:29  Siege Tank  
  47  5:34  SCV  
  47  5:35  SCV  
  51  5:36  Barracks x2  
  51  5:37  Barracks  
  51  5:43  Barracks Reactor  
  51  5:45  Marine  
  51  5:49  SCV x2  
  54  5:51  Supply Depot  
  54  5:52  Engineering Bay  
  54  5:55  Starport Reactor  
  54  5:56  Engineering Bay  
  54  5:58  Orbital Command  
  54  6:03  Marauder  
  56  6:20  Siege Tank  
  56  6:24  Barracks Tech Lab, Marine  
  60  6:27  Factory  
  60  6:29  SCV x2  
  60  6:32  Marine x3  
  64  6:33  Barracks Reactor  
  64  6:36  Terran Infantry Armor Level 1, Medivac, Terran Infantry Weapons Level 1  
  67  6:42  Marine x2  
  67  6:43  Orbital Command  
  69  6:47  Concussive Shells  
  69  6:48  Marine  
  69  6:50  Marine  
  71  6:56  Marine x2  
  71  6:58  Medivac  
  71  7:00  Marauder, Widow Mine  
  71  7:01  Drilling Claws  
  79  7:07  Combat Shields  
  79  7:08  SCV  
  79  7:09  SCV x2  
  82  7:17  Marine  
  82  7:18  Factory Reactor, Marine  
  82  7:20  Medivac  
  82  7:21  SCV x3  
  89  7:24  Barracks  
  89  7:29  Widow Mine  
  91  7:32  Marine x2  
  91  7:33  SCV  
  95  7:44  SCV x2  
  95  7:45  SCV  
  95  7:47  Medivac  
  95  7:50  Medivac  
  101  7:56  SCV x2, Marine x2, Marauder x2  
  101  7:57  Missile Turret  
  109  7:58  Missile Turret  
  109  8:01  Missile Turret  
  109  8:02  Missile Turret  
  109  8:17  SCV  
  109  8:18  Marine  
  109  8:19  Widow Mine  
  109  8:20  Barracks Reactor, Marine  
  109  8:21  Widow Mine x2  
  109  8:26  Marine  
  109  8:31  Supply Depot  
  109  8:33  Supply Depot  
  109  8:35  Refinery x2, Supply Depot  
  109  8:36  Command Center  
  109  8:37  Liberator x2  
  109  8:40  Terran Vehicle Weapons Level 1  
  109  8:45  Missile Turret x2  
  109  8:52  Marine, Widow Mine  
  109  8:53  SCV, Marauder x2  
  109  8:54  SCV, Marine  
  125  8:56  Marine, Widow Mine x2  
  125  8:57  Supply Depot x2  
  125  8:58  Supply Depot  
  125  9:00  Marine x2  
  132  9:11  Marine  
  133  9:18  Marine x3  
  133  9:20  Marauder  
  133  9:21  Widow Mine  
  140  9:27  Marine, Supply Depot  
  140  9:28  Marine x2, Marauder  
  140  9:29  Supply Depot  
  145  9:33  Starport  
  145  9:37  Medivac x2  
  149  9:38  Marine  
  149  9:39  Marine x3  
  149  9:43  Marine x2  
  149  9:45  SCV x2  
  157  9:48  SCV, Marine  
  157  9:50  Marauder  
  161  9:56  Marine x2  
  163  10:01  Marine x2  
  163  10:02  Marauder, Command Center  
  167  10:13  Missile Turret  
  167  10:15  Missile Turret  
Show
View Real Time Build Order
Export as new Build Order

TheZergLord Zerg - Winner!

Build Orders: Hatch First, Muta Ling Bane 

Get SALT Encoding   

  12  0:01  Drone  
  13  0:12  Overlord  
  13  0:17  Drone  
  14  0:31  Drone  
  14  0:32  Drone  
  14  0:34  Drone  
  17  0:53  Hatchery  
  17  0:55  Drone  
  17  1:09  Spawning Pool  
  16  1:11  Drone  
  16  1:15  Extractor  
  16  1:17  Drone  
  17  1:21  Drone  
  18  1:28  Drone  
  19  1:40  Overlord  
  19  1:56  Queen, Zergling x2  
  22  2:01  Zergling x2  
  22  2:06  Queen  
  22  2:07  Drone  
  26  2:11  Drone  
  27  2:19  Metabolic Boost  
  27  2:23  Drone  
  27  2:24  Drone  
  29  2:31  Drone  
  29  2:35  Drone  
  31  2:37  Extractor  
  31  2:39  Drone  
  31  2:46  Drone  
  31  2:47  Hatchery  
  31  2:54  Queen  
  33  2:59  Overlord  
  33  3:01  Drone  
  33  3:03  Drone  
  35  3:08  Drone  
  35  3:10  Overlord  
  36  3:24  Drone  
  36  3:25  Drone x2  
  39  3:28  Drone x4  
  43  3:35  Drone  
  44  3:48  Queen x2, Drone  
  45  3:52  Overlord x3  
  45  3:53  Drone x3  
  51  4:01  Queen  
  53  4:03  Spine Crawler  
  53  4:07  Zergling x8  
  56  4:17  Zergling x6  
  56  4:23  Overlord  
  59  4:26  Queen  
  61  4:33  Drone x4  
  61  4:34  Drone x4  
  61  4:36  Lair  
  69  4:44  Zergling x8  
  73  4:48  Drone  
  73  4:51  Drone x2  
  73  4:52  Drone x3  
  68  5:23  Zergling x6  
  68  5:28  Drone x5  
  74  5:29  Drone x5  
  74  5:32  Drone  
  82  5:35  Baneling Nest  
  82  5:37  Evolution Chamber  
  80  5:46  Hatchery  
  80  5:47  Overseer  
  79  5:51  Drone x3  
  79  5:53  Extractor  
  79  5:54  Extractor  
  79  5:56  Extractor  
  79  5:57  Extractor  
  79  6:00  Hatchery  
  77  6:09  Drone x5  
  82  6:11  Overlord  
  82  6:12  Overlord  
  82  6:15  Zerg Ground Armor Level 1, Extractor  
  81  6:36  Zergling x2  
  81  6:37  Zergling x16  
  81  6:39  Spire  
  89  6:46  Drone  
  90  6:47  Overlord x3  
  90  6:48  Overlord  
  90  6:50  Centrifical Hooks  
  90  6:59  Queen  
  92  7:01  Overlord x2  
  92  7:02  Drone, Overlord  
  92  7:03  Drone x3  
  92  7:07  Drone x2  
  98  7:09  Drone  
  98  7:12  Drone x2  
  98  7:13  Queen  
  103  7:22  Drone x2  
  105  7:23  Drone x2  
  105  7:24  Zergling x16  
  115  7:31  Baneling x2  
  115  7:32  Zergling x4, Baneling x2  
  116  7:45  Pneumatized Carapace, Overlord x2  
  116  7:46  Overseer  
  116  7:48  Zergling x2  
  116  7:51  Mutalisk x8  
  117  7:54  Zergling x14  
  140  8:01  Drone  
  140  8:04  Hatchery  
  140  8:07  Hatchery, Zergling x14  
  136  8:31  Drone x3  
  136  8:33  Zerg Flyer Weapons Level 1  
  139  8:38  Evolution Chamber, Infestation Pit  
  139  8:41  Mutalisk x2  
  137  8:43  Drone x2  
  137  8:44  Drone x7  
  137  8:45  Drone  
  137  8:46  Extractor  
  137  8:47  Zergling x14  
  137  8:48  Extractor  
  156  8:50  Overlord x4  
  156  9:05  Zergling x2  
  156  9:09  Overlord  
  157  9:10  Baneling  
  157  9:11  Zergling x2, Baneling x9  
  157  9:12  Zergling x24  
  170  9:21  Hive  
  170  9:24  Zergling x24  
  182  9:35  Mutalisk x3  
  182  9:36  Mutalisk x2  
  192  9:39  Zergling x2  
  192  9:40  Zergling x12  
  199  9:48  Zergling x2  
  199  9:51  Baneling x11  
  199  9:52  Baneling x5  
  200  9:53  Baneling  
  199  10:39  Ultralisk Cavern  
Tags
 
Add a new tag
Caveats
  • Supply blocks, unpowered buildings, or Contaminate may cause inaccurate times.
  • Supply counts are checked every 10 seconds.